 Dungeon Crawl Stone Soup version 0.30.1-4-g462c640d31 (webtiles) character file.

Game seed: 3532090825536978048

91 spardeous the Conjurer (level 4, -9/33 HPs)
             Began as a Demigod Conjurer on Aug 28, 2023.
             Killed from afar by Terence (14 damage)
             ... with a puff of flame
             ... on level 2 of the Dungeon.
             The game lasted 00:02:21 (2507 turns).

spardeous the Conjurer (Demigod Conjurer)           Turns: 2507, Time: 00:02:21

Health: -9/33      AC:  5    Str: 12    XL:     4   Next: 12%
Magic:  11/11      EV: 10    Int: 20    God:
Gold:   41         SH:  0    Dex: 12    Spells: 2/9 levels left

rFire   . . .        (no weapon)
rCold   . . .        (no shield)
rNeg    . . .        l - +0 ring mail
rPois   .            (no helmet)
rElec   .            (no cloak)
rCorr   .            (no gloves)
SInv    .            (no boots)
Will    .....        (no amulet)
Stlth   +            (no ring)
HPRegen 0.25/turn    (no ring)
MPRegen 0.12/turn

%: no passive effects
@: no status effects
A: high MP 1, forlorn, divine attributes
a: no special abilities


You were on level 2 of the Dungeon.
You visited 1 branch of the dungeon, and saw 3 of its levels.

You collected 83 gold pieces.
You spent 42 gold pieces at shops.

Inventory:

Armour
 a - a +0 robe
 l - a +0 ring mail (worn)
Scrolls
 e - a scroll of blinking {unknown}
 g - 2 scrolls of fear {unknown}
 j - a scroll of magic mapping {unknown}
 k - a scroll of identify {unknown}
 m - a scroll of teleportation {unknown}
Potions
 b - 3 potions of magic
 c - a potion of attraction {unknown}
 d - a potion of berserk rage {unknown}
 f - a potion of brilliance {unknown}
 h - a potion of degeneration {unknown}


   Skills:
 - Level 1.7 Dodging
 - Level 1.7 Stealth
 + Level 3.0 Spellcasting
 + Level 4.5 Conjurations


You had 2 spell levels left.
You knew the following spells:

 Your Spells              Type           Power      Damage    Failure   Level
a - Magic Dart            Conj           84%        1d7       4%          1
b - Searing Ray           Conj           42%        2d6       8%          2
c - Iskenderun's Mystic   Conj/Tloc      12%        2d5       77%         4

Your spell library contained the following spells:

 Spells                   Type           Power      Damage    Failure   Level
 Dazzling Flash           Conj/Hex       24%        N/A       36%         3
 Fulminant Prism          Conj/Hex       6%         3d6       77%         4


Dungeon Overview and Level Annotations

Branches:
Dungeon (3/15)

Shops:
D:2 !

Annotations:
D:2 Terence


Innate Abilities, Weirdness & Mutations

You have an increased reservoir of magic. (+10% MP)
You shall have no god before yourself.
Your divine heritage dramatically boosts your attributes as you level up.


Message History

Terence hits you but does no damage.
You take 1 damage, and have 30/33 hp.
Terence attacks as you move away! Terence hits you with a +0 short sword.
You take 5 damage, and have 25/33 hp.
Terence attacks as you move away! Terence hits you but does no damage. x2
Casting: Magic Dart (safe; 4% risk of failure)
Confirm with . or Enter, or press ? or * to list all spells.
Okay, then.
Terence attacks as you move away! Terence hits you but does no damage.
Terence zaps a wand.
The puff of flame hits you!
You take 8 damage, and have 18/33 hp.
MASSIVE DAMAGE!!
Terence zaps a wand.
The puff of flame hits you.
* * * LOW HITPOINT WARNING * * *
You take 6 damage, and have 12/33 hp.
Terence zaps a wand.
The puff of flame hits you.
* * * LOW HITPOINT WARNING * * *
You take 6 damage, and have 6/33 hp.
MP restored: 11 Terence zaps a wand.
The puff of flame hits you.
* * * LOW HITPOINT WARNING * * *
You take 3 damage, and have 4/33 hp.
You feel better.
Terence zaps a wand.
The puff of flame misses you.
You regained 6 hp, and now have 10/33 hp.
Terence attacks as you move away! Terence hits you with a +0 short sword.
* * * LOW HITPOINT WARNING * * *
Terence zaps a wand.
The puff of flame misses you.
You take 2 damage, and have 8/33 hp.
Terence zaps a wand.
The puff of flame hits you!
* * * LOW HITPOINT WARNING * * *
You take 7 damage, and have 1/33 hp.
MASSIVE DAMAGE!!
You feel better.
Terence zaps a wand.
The puff of flame hits you.
* * * LOW HITPOINT WARNING * * *
You regained 7 hp, and now have 8/33 hp.
Terence attacks as you move away! Terence hits you with a +0 short sword.
* * * LOW HITPOINT WARNING * * *
Terence barely misses you.
You take 4 damage, and have 4/33 hp.
Terence misses you.
Terence zaps a wand.
The puff of flame hits you!
You die...

#.....# ###.#
#....)# #...#
##....# #.###
##.#.# #.#
#.#.# #.#
####.#.# #.#
#......# #.#
######>.#####
#.# #.@.@...#
##.#
#.#####.#
#..# #.# #.#
#.## #.# #.#
#.# #.#
#.######.####
#.#
#..........>.
#.#
######...####
#.# #...####
#.# #.......


You could see Terence (fast).

Vanquished Creatures
  Jessica (D:2)
  2 dart slugs (D:1)
  4 bats (D:1)
  10 endoplasms
  4 giant cockroaches
  6 hobgoblins
  4 jackals (D:2)
  5 ball pythons
  3 frilled lizards (D:1)
  7 goblins
  4 kobolds
  4 rats
54 creatures vanquished.

Notes
Turn   | Place    | Note
-------+----------+-------------------------------------------
     0 | D:1      | spardeous the Demigod Conjurer began the quest for the Orb.
     0 | D:1      | Reached XP level 1. HP: 14/14 MP: 5/5
   186 | D:1      | Reached XP level 2. HP: 20/20 MP: 3/7
   552 | D:1      | Reached skill level 4 in Conjurations
   963 | D:1      | Reached XP level 3. HP: 26/26 MP: 6/9
  1463 | D:2      | Learned a level 2 spell: Searing Ray
  1926 | D:2      | Noticed Jessica
  1929 | D:2      | Killed Jessica
  1930 | D:2      | Reached XP level 4. HP: 16/33 MP: 6/11
  2158 | D:2      | Found Maenni's Distillery.
  2166 | D:2      | Bought a potion of curing for 42 gold pieces
  2432 | D:2      | Learned a level 4 spell: Iskenderun's Mystic Blast
  2479 | D:3      | Noticed Terence
  2501 | D:2      | HP: 1/33 [Terence/puff of flame (7)]
  2507 | D:2      | Killed from afar by Terence

Illustrated notes

Levels and vault maps discovered:
D:1:      mrwooster_arrival_statue_2, layout_basic
D:2:      layout_loops_ring, hellmonk_ecumenical_altar_heavens_door,
          serial_shops, shop, uniq_jessica
D:3:      layout_basic, uniq_terence

Skill      XL: |  1  2  3 |
---------------+----------+-----
Spellcasting   | 2 3 |  3.0
Conjurations   | 4 |  4.5
Dodging        | |  1.7
Stealth        | |  1.7

Action                     |  1- 3 |  4- 6 || total
---------------------------+-------+-------++-------
  Melee: Unarmed           |    24 |       ||    24
   Cast: Magic Dart        |   109 |    10 ||   119
    Use: Potion            |       |     2 ||     2
 Armour: Robe              |    28 |       ||    28
         Ring mail         |    35 |     4 ||    39
  Dodge: Dodged            |    95 |     7 ||   102
